[Event "*** Titled Tuesday Blitz"]
[Site "Chess.com"]
[Date "2020.12.29"]
[Round "9"]
[White "JonahWillow"]
[Black "Vaathi_Coming"]
[Result "1-0"]
[WhiteElo "2727"]
[BlackElo "2824"]
[TimeControl "180+1"]
[EndTime "11:44:42 PST"]
[Termination "JonahWillow won on time"]

1. e4 c5 2. Nf3 d6 3. d4 cxd4 4. Qxd4 Nf6 5. Nc3 g6 6. e5 Nc6 7.
Bb5 dxe5 8. Qxd8+ Kxd8 9. Bxc6 bxc6 10. Nxe5 Ke8 11. O-O Bg7 12. Nxc6 Bd7 13. Ne5 Rb8 14.
Re1 e6 15. Rb1 Ke7 16. Bf4 Rb4 17. Bg5 Rhb8 18. Ne4 Ba4 19. Ng4 Bxc2 20. Nexf6 Bxb1 21. Nd5+ Kd6 22. Nxb4 Rxb4 23. Rxb1 Rxg4 24. Be3 Ra4 25. a3 Rc4 26. Kf1 a6 27. b3 Rc2 28.
b4 Ra2 29. b5 axb5 30. Rxb5 Kc6 31. Rb6+ Kd7 32. Rb7+ Ke8 33. Ra7 Bc3 34. a4 Bb4 35. g3 e5 36. Bb6 e4 37. a5 1-0

[Event "*** Titled Tuesday Blitz"]
[Site "Chess.com"]
[Date "2020.12.29"]
[Round "9"]
[White "Sueetin"]
[Black "Grammnik"]
[Result "1/2-1/2"]
[WhiteElo "2486"]
[BlackElo "2337"]
[TimeControl "180+1"]
[EndTime "11:44:42 PST"]
[Termination "Game drawn by repetition"]

1. e4 e6 2. d4 d5 3. Nc3 Nf6 4. e5 Nfd7 5. f4 c5 6. Nf3 Nc6 7. Be3 a6 8. Qd2 b5 9. a3 Rb8 10. Nd1 b4 11. axb4 cxd4 12. Nxd4 Bxb4 13. c3 Nxd4 14. Bxd4 Be7 15. Bxa6 Nc5 16. Bxc8 Qxc8 17. Ra7 Rb7 18. Rxb7 Qxb7 19. b4 Ne4 20.
Qb2 O-O 21. O-O f6 22. Nf2 f5 23. Nd3 Rc8 24. b5 Nc5 25. Nxc5 Bxc5 26. b6 Rc6 27.
Rb1 Rxb6 28. Qxb6 Bxb6 29. Rxb6 Qc8 30. h3 Kf7 31. Kh2 h6 32. Rd6 g5 33. fxg5 hxg5 34.
Rb6 Kg6 35. Rd6 f4 36. Rb6 Kf5 37. Rb2 g4 38. hxg4+ Kxg4 39. Rf2 Qh8+ 40. Kg1 Qh4 41. Rf3 Qe1+ 42. Kh2 Qh4+ 43. Kg1 Qe1+ 44. Kh2 Qh4+ 45. Kg1 1/2-1/2

[Event "*** Titled Tuesday Blitz"]
[Site "Chess.com"]
[Date "2020.12.29"]
[Round "9"]
[White "Sergienko_Sergey"]
[Black "vanyakuba"]
[Result "0-1"]
[WhiteElo "2297"]
[BlackElo "2453"]
[TimeControl "180+1"]
[EndTime "11:44:44 PST"]
[Termination "vanyakuba won on time"]

1. e4 d5 2. exd5 Qxd5 3. Nc3 Qa5 4.
d4 Nf6 5. Nf3 Bg4 6. h3 Bh5 7. Bc4 Nc6 8. g4 Bg6 9. Bd2 O-O-O 10. Nd5 Qa4 11. b3 Qa3 12. Nxf6 gxf6 13. c3 e5 14. Qc1 Be4 15. Qxa3 Bxa3 16. Ke2 exd4 17. Bxf7 d3+ 18. Ke3 Bd5 19. Bxd5 Rxd5 20. Nd4 Bc5 21. Rad1 Re8+ 22. Kf3 Bxd4 23. cxd4 Nxd4+ 24.
Kg2 Re2 25. Bc3 Ne6 26. Bxf6 Rxa2 27. Rhe1 Kd7 28. Re3 d2 29. Kf3 c5 30. Bc3 b5 31.
Ke4 Rd6 32. Be5 Rc6 33. Re2 c4 34. Rexd2+ Rxd2 35.
Rxd2+ Ke7 36. bxc4 Rxc4+ 0-1

[Event "*** Titled Tuesday Blitz"]
[Site "Chess.com"]
[Date "2020.12.29"]
[Round "9"]
[White "annamaja"]
[Black "Rytenko_V"]
[Result "0-1"]
[WhiteElo "2284"]
[BlackElo "2421"]
[TimeControl "180+1"]
[EndTime "11:44:44 PST"]
[Termination "Rytenko_V won on time"]

1. e4 e6 2. d4 d5 3. exd5 exd5 4.
c4 Nf6 5. Nc3 c6 6. Bd3 Bd6 7.
cxd5 Nxd5 8. Nxd5 cxd5 9. Ne2 O-O 10. O-O h6 11. Bf4 Bg4 12. f3 Be6 13. Bc2 Bxf4 14.
Nxf4 Qf6 15. Qd3 g6 16. Nxe6 Qxe6 17. Rfe1 Qf6 18. Re5 Nc6 19. Ree1 Nb4 20. Qd2 Nxc2 21. Qxc2 Qxd4+ 22. Kh1 Rac8 23. Qb3 Qf2 24. Qxd5 Rc2 25. Rg1 Rxb2 26. a4 Rc8 27. Raf1 Qd2 28. Qe5 a6 29.
Rd1 Qe2 30. Qd4 b5 31. a5 b4 32. Qf6 Re8 33. Rd6 b3 34. Rxa6 Rc2 35. Rb6 b2 0-1

[Event "*** Titled Tuesday Blitz"]
[Site "Chess.com"]
[Date "2020.12.29"]
[Round "9"]
[White "Beca95"]
[Black "Rud_Makarian"]
[Result "1-0"]
[WhiteElo "2834"]
[BlackElo "2703"]
[TimeControl "180+1"]
[EndTime "11:44:45 PST"]
[Termination "Beca95 won by checkmate"]

1. d4 Nf6 2. c3 d6 3. Bg5 Ne4 4. Bf4 Nd7 5. Nd2 Nxd2 6. Qxd2 e5 7. Bg3 Be7 8. e3 O-O 9. Bd3 f5 10. Ne2 Kh8 11. h4 e4 12. Bc4 Nf6 13. h5 d5 14. Bb3 Bd6 15. Bxd6 Qxd6 16. Nf4 c6 17. c4 a5 18. a3 a4 19. Ba2 b6 20. Rc1 Ba6 21. Qc2 Rfc8 22. O-O c5 23. Rfd1 Qe7 24.
Qc3 dxc4 25. dxc5 Rxc5 26. h6 Ng4 27. hxg7+ Qxg7 28. Qxg7+ Kxg7 29. Ne6+ Kf6 30. Nxc5 bxc5 31. Bxc4 Bxc4 32. Rxc4 Ne5 33. Rxc5 Nd3 34. Rb5 Rc8 35.
Rd2 h5 36. Kh2 Rc1 37. b3 axb3 38. Rxb3 Rf1 39. f3 Ne5 40. Rb6+ Ke7 41. Rd5 Nc4 42.
Rh6 Nxe3 43. Ra5 Rf2 44. Ra7+ Kf8 45. Rh8# 1-0

[Event "*** Titled Tuesday Blitz"]
[Site "Chess.com"]
[Date "2020.12.29"]
[Round "9"]
[White "tsaruk_maks"]
[Black "MaxLeto"]
[Result "1-0"]
[WhiteElo "2578"]
[BlackElo "2392"]
[TimeControl "180+1"]
[EndTime "11:44:45 PST"]
[Termination "tsaruk_maks won on time"]

1. e4 c5 2. Nf3 d6 3. d4 cxd4 4. Nxd4 Nf6 5. Nc3 a6 6. g3 e6 7. Bg2 Be7 8. O-O O-O 9. f4 Qc7 10. g4 Nc6 11. g5 Nd7 12. Nb3 Re8 13. h4 b5 14. h5 Bb7 15. h6 g6 16. Be3 b4 17.
Ne2 a5 18. Nbd4 Nxd4 19. Nxd4 e5 20. Ne2 Rac8 21. c3 exf4 22. Bxf4 Ne5 23. Kh1 Ba6 24. Rc1 Nd3 25. Rc2 Qc5 26. Qd2 Nf2+ 27. Kh2 Bd3 28. Rcc1 Bxe4 29. cxb4 Qb6 30. bxa5 Qa7 31. Rxc8 Rxc8 32. Qd4 Ng4+ 33. Kg3 Ne5 34. Qxa7 Bxg2 35. Kxg2 1-0

[Event "*** Titled Tuesday Blitz"]
[Site "Chess.com"]
[Date "2020.12.29"]
[Round "9"]
[White "Tagliata"]
[Black "DishonorOnYourCow"]
[Result "1-0"]
[WhiteElo "2311"]
[BlackElo "2434"]
[TimeControl "180+1"]
[EndTime "11:44:45 PST"]
[Termination "Tagliata won on time"]

1. e4 e5 2. d4 exd4 3. c3 dxc3 4.
Nxc3 Nc6 5. Nf3 Bc5 6. Bc4 d6 7. O-O Nf6 8. Bg5 h6 9. Bh4 g5 10. Bg3 Bg4 11. Qb3 Qd7 12. e5 Na5 13. Qb5 Qxb5 14. Bxb5+ c6 15. exf6 cxb5 16. Nxb5 Bxf3 17.
gxf3 O-O-O 18. Rac1 Nc6 19. a3 a6 20. b4 axb5 21.
bxc5 dxc5 22. Rxc5 Rd3 23. Rxb5 Rxa3 24. Rfb1 Ra7 25. Rc1 Kd7 26. Rd5+ Ke6 27. Rd6+ Kf5 28. Rc5+ Kg6 29. Rd7 Kxf6 30. Rxc6+ bxc6 31. Rxa7 Rc8 32. Rc7 Rxc7 33. Bxc7 Ke6 34. Kg2 c5 35. Kg1 Kd5 36.
Kf1 Kc4 37. Ke2 Kb3 38. Kd2 c4 39.
Be5 f5 40. Bd4 Kb4 41. Bf6 Kb3 42. Be5 Kb4 43. Kc2 1-0

[Event "*** Titled Tuesday Blitz"]
[Site "Chess.com"]
[Date "2020.12.29"]
[Round "9"]
[White "onnoelgersma"]
[Black "Kildepiotr"]
[Result "1-0"]
[WhiteElo "2446"]
[BlackElo "2607"]
[TimeControl "180+1"]
[EndTime "11:44:46 PST"]
[Termination "onnoelgersma won on time"]

1. Nf3 g6 2. e4 Bg7 3. d4 c6 4.
Nc3 d6 5. h3 Nf6 6. Be2 O-O 7.
O-O Nbd7 8. a4 e5 9. Be3 Re8 10. dxe5 dxe5 11. a5 Qe7 12. Nd2 Nc5 13. b4 Ne6 14. Qb1 Nd4 15. Bd3 Nh5 16. b5 Be6 17. Nb3 c5 18. Bxd4 exd4 19. Nd5 Bxd5 20. exd5 Nf4 21. Qd1 Nxd5 22. Bc4 Nc3 23. Qf3 Rab8 24. b6 a6 25. g3 Rbc8 26. Rae1 Qd7 27. Rxe8+ Rxe8 28.
Nxc5 Qe7 29. Nxb7 Rc8 30. Nd6 Qxd6 31. Qxf7+ Kh8 32. b7 Rb8 33. Re1 h5 34. Re8+ Kh7 35.
Rg8 Qe5 36. Bd3 1-0

[Event "*** Titled Tuesday Blitz"]
[Site "Chess.com"]
[Date "2020.12.29"]
[Round "9"]
[White "BogdanDeac"]
[Black "Grandelicious"]
[Result "1-0"]
[WhiteElo "3020"]
[BlackElo "2878"]
[TimeControl "180+1"]
[EndTime "11:44:47 PST"]
[Termination "BogdanDeac won by resignation"]

1. Nf3 d5 2. d4 Nf6 3. c4 c6 4. Nc3 dxc4 5. a4 e6 6. e3 c5 7. Bxc4 cxd4 8. Nxd4 Bb4 9. Qb3 Bc5 10. O-O Bxd4 11. exd4 O-O 12. d5 exd5 13. Nxd5 Nxd5 14.
Bxd5 Nc6 15. Rd1 Qf6 16. Be3 h6 17. a5 Bg4 18. Rdc1 Rab8 19. Qa4 Be6 20. Bxe6 Qxe6 21. a6 b5 22. Qf4 Rbc8 23. h3 Ne7 24. Bxa7 Rxc1+ 25.
Qxc1 Ra8 26. Qe3 Qd7 27. Bc5 Nd5 28. Qd4 Qc6 29. a7 g5 30. g3 Re8 31. b4 Nc7 32. Qd6 Qb7 33. Qd7 Re6 34. a8=Q+ Nxa8 35. Qxb7 Re1+ 36. Rxe1 Kh7 1-0

[Event "*** Titled Tuesday Blitz"]
[Site "Chess.com"]
[Date "2020.12.29"]
[Round "9"]
[White "Arseniy_Nesterov"]
[Black "MokshanovAlexey"]
[Result "1-0"]
[WhiteElo "2790"]
[BlackElo "2637"]
[TimeControl "180+1"]
[EndTime "11:44:47 PST"]
[Termination "Arseniy_Nesterov won by resignation"]

1. d4 d5 2. c4 e6 3. Nf3 Nf6 4. Nc3 c6 5. e3 Nbd7 6. Qc2 Bd6 7. b3 O-O 8. Be2 b6 9. O-O Bb7 10. Bb2 c5 11. cxd5 Nxd5 12. Nxd5 Bxd5 13. e4 Bb7 14.
Rad1 Rc8 15. d5 e5 16. Nd2 Qe7 17. Nc4 Rfe8 18. a4 Bb8 19. Bg4 Red8 20. Qc3 Ba6 21. Rfe1 Bd6 22. Nxd6 Qxd6 23. f4 f6 24. fxe5 Qxe5 25.
Qxe5 fxe5 26. Bxd7 Rxd7 27. Bxe5 c4 28. b4 c3 29. b5 Bb7 30. Rc1 c2 31. Re2 Rc4 32.
Rcxc2 Rxa4 33. h3 h6 34. Bg3 Kh7 35. Kh2 Re7 36. d6 Rexe4 37. Rxe4 Rxe4 38. Rc7 1-0

[Event "*** Titled Tuesday Blitz"]
[Site "Chess.com"]
[Date "2020.12.29"]
[Round "9"]
[White "esapunov"]
[Black "vladimirdamjanovic"]
[Result "1-0"]
[WhiteElo "2706"]
[BlackElo "2410"]
[TimeControl "180+1"]
[EndTime "11:44:47 PST"]
[Termination "esapunov won on time"]

1. c4 Nc6 2. Nc3 Nf6 3. Nf3 g6 4. d4 d6 5. d5 Nb8 6. e4 Bg7 7. h3 O-O 8. Bd3 a5 9. O-O Na6 10. Re1 e5 11. Bg5 Nc5 12. Bc2 h6 13. Bh4 Qe8 14.
Nb5 Qd7 15. b3 Nh5 16. a3 g5 17. Bg3 Nxg3 18. fxg3 g4 19. hxg4 c6 20. dxc6 bxc6 21.
Nxd6 Qxg4 22. Nh4 Rd8 23. Qxg4 Bxg4 24. Ndf5 Rd2 25. Bd1 Bxf5 26. Nxf5 Rb8 27. b4 axb4 28. axb4 Rxb4 29. Bh5 Rbb2 30. Bf3 Ne6 31. Red1 Bf8 32. Rxd2 Bc5+ 33. Kh2 Rxd2 34. Ra8+ Bf8 35. Bh5 Rd8 36. Ra7 Ng5 37. Rc7 Rd4 38. Rxc6 Rxe4 39. Rc8 Re2 40. c5 Rc2 41. c6 1-0

[Event "*** Titled Tuesday Blitz"]
[Site "Chess.com"]
[Date "2020.12.29"]
[Round "9"]
[White "Mikhail_Golubev"]
[Black "Harry_Rakkel"]
[Result "0-1"]
[WhiteElo "2510"]
[BlackElo "2643"]
[TimeControl "180+1"]
[EndTime "11:44:47 PST"]
[Termination "Harry_Rakkel won on time"]

1. e4 c5 2. Nf3 e6 3. d4 cxd4 4. Nxd4 Nc6 5. Nc3 Qc7 6. Be3 a6 7. a3 Nf6 8. f4 d6 9. Qf3 Be7 10. Bd3 Bd7 11. O-O-O b5 12. e5 dxe5 13. fxe5 Nd5 14.
Nxd5 exd5 15. Nxc6 Bxc6 16. Qg3 g6 17. Bf4 Qa5 18.
Kb1 b4 19. axb4 Bxb4 20. e6 fxe6 21. Bd6 Kd7 22. Bxb4 Qxb4 23. Rhf1 Rhf8 24. Qe5 Qe7 25. Rxf8 Rxf8 26. Bxa6 Rf5 27. Qb8 Qd8 28. Qxd8+ Kxd8 29. Be2 e5 30. Bf3 Ke7 31. Bxd5 Bxd5 32. Rxd5 Ke6 33.
Rd8 Rf2 34. c4 Rxg2 35. c5 Ke7 36. Rd5 Rxh2 37. c6 Rh4 38. Rd7+ Ke6 39. Rd8 Rc4 40. Rd7 h5 41. Rg7 Rxc6 42. Rxg6+ Kd5 43. Rg5 Rh6 44.
Rg3 h4 45. Rh3 Ke4 46. Kc2 Kf4 47. b4 Kg4 48. Rh1 h3 49. b5 Kf3 50. Kc3 Kg2 51.
Re1 h2 52. Re2+ Kf3 0-1

[Event "*** Titled Tuesday Blitz"]
[Site "Chess.com"]
[Date "2020.12.29"]
[Round "9"]
[White "ural58"]
[Black "Margency"]
[Result "1-0"]
[WhiteElo "2423"]
[BlackElo "2578"]
[TimeControl "180+1"]
[EndTime "11:44:47 PST"]
[Termination "ural58 won on time"]

1. e4 e5 2. f4 exf4 3. Bc4 Nf6 4. Nc3 c6 5. Bb3 d5 6. exd5 cxd5 7. d4 Bd6 8. Nge2 Bg4 9. O-O g5 10. Nxd5 Nbd7 11.
Qd3 O-O 12. Nec3 Bh5 13. Bd2 Bg6 14. Qb5 Nb6 15. Nxb6 axb6 16. Qxg5 Ra5 17. Nd5 Nxd5 18. Qxd8 Rxd8 19. Bxa5 bxa5 20. Bxd5 Bc7 21. Bxb7 Rxd4 22.
c3 Rd2 23. b4 Rb2 24. a3 Be5 25. Rac1 Rb3 26. Bd5 Rxa3 27. b5 Bxc3 28. Rfd1 Be5 29. b6 Ra4 30. b7 Rb4 31. Re1 Bd4+ 32. Kh1 Kg7 33. Bf3 a4 34. Red1 Ba7 35. Rc8 a3 36. Ra8 Bd4 37. Rxa3 Bb2 38. Ra8 1-0

[Event "*** Titled Tuesday Blitz"]
[Site "Chess.com"]
[Date "2020.12.29"]
[Round "9"]
[White "Cambek64"]
[Black "Slovak_fighter2000"]
[Result "0-1"]
[WhiteElo "2323"]
[BlackElo "2488"]
[TimeControl "180+1"]
[EndTime "11:44:47 PST"]
[Termination "Slovak_fighter2000 won by checkmate"]

1. e4 e6 2. d4 d5 3. Nc3 Nf6 4. Bg5 Bb4 5. e5 h6 6. Bd2 Bxc3 7. bxc3 Ne4 8. Qg4 Kf8 9. Bd3 Nxd2 10. Kxd2 c5 11. h4 c4 12. Be2 Nc6 13. Qf4 b5 14. a3 a5 15. Nf3 Bd7 16. Rhb1 Rb8 17. g4 Qe7 18. g5 b4 19. axb4 axb4 20. cxb4 Rxb4 21.
Ra8+ Be8 22. Rba1 Rb8 23. Qe3 Qb4+ 24. Qc3 Qb7 25. Qa3+ Kg8 26. Rxb8 Qxb8 27. Qc5 hxg5 28.
hxg5 Qb2 29. Ra8 Kh7 30. Rc8 Nb4 31. Rb8 Qxc2+ 32. Ke3 Qe4+ 33. Kd2 Na2 34. Bd1 Qd3+ 35. Ke1 Nc3 36. g6+ Kxg6 37. Ng1 Qxd1# 0-1

[Event "*** Titled Tuesday Blitz"]
[Site "Chess.com"]
[Date "2020.12.29"]
[Round "9"]
[White "Europe03"]
[Black "KetiGrant"]
[Result "0-1"]
[WhiteElo "2323"]
[BlackElo "2445"]
[TimeControl "180+1"]
[EndTime "11:44:48 PST"]
[Termination "KetiGrant won by resignation"]

1. Nf3 Nf6 2. c4 g6 3. d4 Bg7 4. g3 O-O 5. Bg2 d6 6. Nc3 Nc6 7. O-O e5 8. dxe5 Nxe5 9. Nxe5 dxe5 10. Bg5 c6 11. Qxd8 Rxd8 12. Ne4 Nxe4 13. Bxd8 Nd2 14.
Rfd1 Nxc4 15. b3 Nb2 16. Rd2 Bf5 17. Bg5 e4 18. Rc1 a5 19. Be3 a4 20. Bd4 Rd8 21. Bc3 Rxd2 22. Bxd2 a3 23. Bb4 Bf8 24. Bxf8 Kxf8 25.
Rc5 Nd1 26. Kf1 e3 27. f4 Bb1 28. Rc1 Bxa2 29. Rxd1 Bxb3 30. Ra1 a2 31. Be4 f5 32. Bd3 c5 33. Bc2 c4 34. Kg2 Bxc2 35. Rxa2 Be4+ 36. Kf1 c3 37. Ke1 c2 38. Ra1 b5 0-1

[Event "*** Titled Tuesday Blitz"]
[Site "Chess.com"]
[Date "2020.12.29"]
[Round "9"]
[White "exoticprincess"]
[Black "DanielNaroditsky"]
[Result "0-1"]
[WhiteElo "2903"]
[BlackElo "3124"]
[TimeControl "180+1"]
[EndTime "11:44:49 PST"]
[Termination "DanielNaroditsky won by resignation"]

1. e4 g6 2. d4 Bg7 3. Nc3 d6 4.
Be2 Nf6 5. h4 h5 6. Nf3 Bg4 7. Ng5 Bxe2 8. Nxe2 Nc6 9. O-O O-O 10.
f3 Nh7 11. Be3 e6 12. Qd2 Nxg5 13. hxg5 e5 14. d5 Nd4 15. Nc1 c6 16. c3 Nb5 17.
Rd1 c5 18. Ne2 Nc7 19. a4 f5 20. gxf6 Qxf6 21. b4 b6 22. a5 Qf7 23. c4 h4 24. Kh2 h3 25. Kxh3 Qd7+ 26. Kh2 Rae8 27. axb6 axb6 28. bxc5 bxc5 29. Ra7 Qd8 30. Kg1 Rf7 31. Rb1 Bf6 32. Rbb7 Rh7 33. Qa5 Bg5 34. Bf2 Ree7 35. Qb6 Qf8 36. Rxc7 Rxc7 37. Qxc7 Rxc7 38.
Rxc7 Qb8 39. Rc6 Qb1+ 40. Kh2 Qf1 41. Rxd6 Qxf2 42. Ng3 Kg7 43. Rd7+ Kh6 44. Kh3 Bf4 45. Nh1 Qe1 0-1

[Event "*** Titled Tuesday Blitz"]
[Site "Chess.com"]
[Date "2020.12.29"]
[Round "9"]
[White "carloseduar100"]
[Black "Kopytkin"]
[Result "0-1"]
[WhiteElo "2121"]
[BlackElo "2377"]
[TimeControl "180+1"]
[EndTime "11:44:51 PST"]
[Termination "Kopytkin won on time"]

1. d4 Nf6 2. Bg5 Ne4 3. h4 c5 4. d5 Qb6 5. Nd2 Nxd2 6. Bxd2 e5 7.
Nf3 d6 8. e4 Be7 9. Bc3 Nd7 10.
h5 O-O 11. Qd2 Nf6 12. Qe3 Ng4 13. Qd2 f5 14. exf5 Bxf5 15. Bc4 Qd8 16. Nxe5 Bg5 17.
Qe2 Re8 18. Nxg4 Bxg4 19. Qxe8+ Qxe8+ 20. Kf1 b5 21. Re1 bxc4 22. Rxe8+ Rxe8 23. f3 Bf5 24. Kf2 Bxc2 25. g3 Bf6 26. Rc1 Bd3 27. g4 Re2+ 28. Kg3 Bxc3 29. Rxc3 Rxb2 30. Ra3 Rb7 31. f4 g6 32. Kf3 Re7 33. hxg6 hxg6 34. Rc3 Be4+ 35. Kg3 Bxd5 36. f5 gxf5 37. gxf5 Bf7 38. Kf4 d5 39. Rg3+ Kf8 40. f6 Re1 41. Rh3 c3 42. Rxc3 c4 43.
Rh3 d4 44. Ra3 c3 0-1

[Event "*** Titled Tuesday Blitz"]
[Site "Chess.com"]
[Date "2020.12.29"]
[Round "9"]
[White "Geller_Jakov"]
[Black "EugeneRougon"]
[Result "0-1"]
[WhiteElo "2610"]
[BlackElo "2762"]
[TimeControl "180+1"]
[EndTime "11:44:52 PST"]
[Termination "EugeneRougon won by resignation"]

1. e4 e6 2. d4 d5 3. Nc3 Bb4 4. e5 c5 5. Qg4 Ne7 6. dxc5 Bxc3+ 7. bxc3 O-O 8. Bd3 Nd7 9. Nf3 Ng6 10. Qh5 Nxc5 11. O-O Nxd3 12. cxd3 Qa5 13. Rb1 Qxc3 14. Rb3 Qc2 15. Ba3 Qxa2 16. Rc3 d4 17. Nxd4 Rd8 18. Nf3 Bd7 19. Bd6 Nf4 20. Qg5 Ne2+ 21. Kh1 Nxc3 22. Be7 Nd5 23. Bxd8 h6 24. Qh4 Qe2 25. Re1 Qxd3 26. Be7 Bc6 27. Bd6 a5 28. Nd4 Qd2 29. Ra1 Nf4 30. Nxc6 bxc6 31. Bc5 Qc3 32. Rd1 Qxc5 33.
Qxf4 a4 34. h4 a3 35. Rd7 Rf8 36. Kh2 a2 37. Rd1 Qc3 38. Qd4 Qxd4 39. Rxd4 a1=Q 0-1

[Event "*** Titled Tuesday Blitz"]
[Site "Chess.com"]
[Date "2020.12.29"]
[Round "9"]
[White "Alomaterapia"]
[Black "olksuna"]
[Result "0-1"]
[WhiteElo "2512"]
[BlackElo "2647"]
[TimeControl "180+1"]
[EndTime "11:44:52 PST"]
[Termination "olksuna won on time"]

1. e4 d6 2. d4 Nf6 3. Nc3 c6 4. f4 Qa5 5. e5 Ne4 6. Bd2 Nxd2 7. Qxd2 Bf5 8. Nge2 h6 9. Ng3 Bh7 10. e6 fxe6 11. Bc4 d5 12. Bd3 g6 13. O-O Bg7 14. Qe3 Nd7 15. Nce2 Nf8 16. c3 Bf6 17. a4 h5 18. b4 Qc7 19. Nh1 Qd6 20. Nf2 Rg8 21. Qf3 O-O-O 22. b5 c5 23. a5 c4 24.
Bb1 Rg7 25. a6 b6 26. Nh3 Bg8 27. Ra4 Qd7 28. Ba2 Kb8 29. Rb4 Rc8 30. Ng5 Bf7 31. Qg3 Qd6 32. Kh1 Be8 33. Ng1 Bxg5 34. Qxg5 Rf7 35. g3 Rf5 36. Qh6 Bd7 37. Bb1 Rf7 38. Bxg6 Rf6 39. Qxh5 Nxg6 40. Qg5 Rh8 41. h4 Be8 0-1

[Event "*** Titled Tuesday Blitz"]
[Site "Chess.com"]
[Date "2020.12.29"]
[Round "9"]
[White "OK97"]
[Black "ftorodent"]
[Result "0-1"]
[WhiteElo "2780"]
[BlackElo "2655"]
[TimeControl "180+1"]
[EndTime "11:44:54 PST"]
[Termination "ftorodent won by resignation"]

1. d4 d5 2. c4 e6 3. Nc3 Be7 4.
cxd5 exd5 5. Bf4 c6 6. e3 Bd6 7. Bxd6 Qxd6 8. Qc2 Ne7 9. Bd3 b6 10. Nf3 Ba6 11. Bxa6 Nxa6 12. O-O O-O 13. Rac1 Nc7 14. Ne5 f6 15. Nd3 Ne6 16. Ne2 Rac8 17. b4 Qd7 18. a4 Nf5 19. Qb3 Rfd8 20. b5 c5 21. dxc5 bxc5 22.
Ndf4 c4 23. Qb4 Nxf4 24. Nxf4 Qf7 25. Qb1 g6 26. Rfd1 d4 27. exd4 Nxd4 28. Re1 c3 29. Qb4 Rc4 30. Qa3 c2 31. h4 Qc7 32. Qe3 Nf5 33.
Qe6+ Qf7 34. Qxf7+ Kxf7 35. g3 Nd4 36. Kg2 Nb3 37.
a5 Nxc1 38. Rxc1 Rb8 39. b6 axb6 40. axb6 Rxb6 41. Nd5 Rb1 0-1

[Event "*** Titled Tuesday Blitz"]
[Site "Chess.com"]
[Date "2020.12.29"]
[Round "9"]
[White "Piacramling"]
[Black "Das_Virus_2020"]
[Result "1/2-1/2"]
[WhiteElo "2261"]
[BlackElo "2457"]
[TimeControl "180+1"]
[EndTime "11:44:55 PST"]
[Termination "Game drawn by repetition"]

1. Nf3 Nf6 2. c4 c5 3. Nc3 Nc6 4. g3 e5 5. Bg2 d6 6. d3 g6 7.
Nd2 Bg7 8. Nf1 O-O 9. Ne3 Rb8 10.
a3 a6 11. Rb1 Nd4 12. b4 cxb4 13. axb4 b5 14. O-O Bb7 15. Ncd5 Nxd5 16. Nxd5 f5 17. e3 Ne6 18. Qb3 Kh8 19. f4 exf4 20. gxf4 Nc7 21.
Bb2 Nxd5 22. Bxd5 Bxd5 23. cxd5 Re8 24. Rfe1 Qh4 25. Bxg7+ Kxg7 26. Qb2+ Kf7 27. Rbc1 Re7 28. Re2 Rbe8 29. Qd4 Qg4+ 30. Rg2 Qf3 31. Rg3 Qe2 32. e4 fxe4 33. f5 g5 34. Rxg5 Rg8 35. Rxg8 Kxg8 36.
Rc8+ Kf7 37. Rh8 Qg4+ 38. Kh1 Qxf5 39. Qg1 Qf3+ 40. Qg2 Qd1+ 41. Qg1 Qf3+ 42. Qg2 Qd1+ 43. Qg1 Qf3+ 1/2-1/2

[Event "*** Titled Tuesday Blitz"]
[Site "Chess.com"]
[Date "2020.12.29"]
[Round "9"]
[White "sergiochess83"]
[Black "Parhamov"]
[Result "1-0"]
[WhiteElo "2824"]
[BlackElo "2925"]
[TimeControl "180+1"]
[EndTime "11:44:56 PST"]
[Termination "sergiochess83 won by resignation"]

1. d4 Nf6 2. c4 e6 3. Nf3 d5 4. Nc3 dxc4 5. e3 a6 6. Bxc4 b5 7. Be2 Bb7 8. O-O Nbd7 9. b3 Bd6 10. Bb2 O-O 11. Qc2 Qe7 12. Rad1 Rac8 13. Ng5 Ba3 14.
Ba1 c5 15. d5 h6 16. d6 Qd8 17. Nge4 c4 18. bxc4 bxc4 19. Bf3 Nxe4 20. Nxe4 c3 21. Qb3 Bxe4 22. Bxe4 Qa5 23. Bc2 Rfd8 24. Rd4 Nc5 25.
Qc4 Bb2 26. d7 Rc7 27. Rfd1 Bxa1 28. Rxa1 Rdxd7 29. Rad1 Rxd4 30. Rxd4 Nd7 31. Qd3 Nf8 32. Rd8 Qf5 33. Rxf8+ Kh7 34. Qxf5+ exf5 35. Bxf5+ g6 36. Bc2 Rd7 37. Rc8 Rd2 38. Rxc3 1-0

[Event "*** Titled Tuesday Blitz"]
[Site "Chess.com"]
[Date "2020.12.29"]
[Round "9"]
[White "Lady_Nika"]
[Black "J36225"]
[Result "1-0"]
[WhiteElo "2334"]
[BlackElo "2452"]
[TimeControl "180+1"]
[EndTime "11:44:56 PST"]
[Termination "Lady_Nika won on time"]

1. d4 Nf6 2. e3 e6 3. f4 d5 4. Nf3 c5 5. c3 Nc6 6. Bd3 b6 7.
Nbd2 Bb7 8. O-O Bd6 9. Ne5 O-O 10. Rf3 Ne7 11. Rh3 g6 12. g4 Ne4 13. Bxe4 dxe4 14. Nf1 f6 15. Nc4 cxd4 16. exd4 f5 17. Be3 fxg4 18.
Qxg4 Nf5 19. Re1 Bd5 20. Ne5 Bxe5 21. fxe5 Nxe3 22. Nxe3 b5 23. Ng2 Rf3 24. Rxf3 exf3 25. Nf4 Qd7 26. Rf1 Rf8 27. b3 Rf5 28. Rf2 a5 29. Nd3 Qe7 30. h4 a4 31. Nc5 axb3 32.
axb3 Qf7 33. Kh2 Rf4 34. Qg5 Kg7 35. h5 Rf5 36. h6+ Kg8 37. Qd8+ Qf8 38. Qxf8+ Kxf8 39.
Nd7+ Ke7 40. Nf6 Bxb3 41. Kg3 Bd5 42. Nxd5+ exd5 43. Rxf3 Rh5 44. Rf6 Rxh6 45. Rb6 Rh1 46. Rxb5 Rc1 47. Rc5 Ke6 48. Kg4 Rg1+ 49. Kf4 g5+ 50.
Kf3 h5 51. Rc6+ Ke7 52. Rd6 Rc1 53. Rc6 1-0

[Event "*** Titled Tuesday Blitz"]
[Site "Chess.com"]
[Date "2020.12.29"]
[Round "9"]
[White "Nara_Kh"]
[Black "MasterKroket"]
[Result "1-0"]
[WhiteElo "2368"]
[BlackElo "2453"]
[TimeControl "180+1"]
[EndTime "11:44:58 PST"]
[Termination "Nara_Kh won on time"]

1. e4 c5 2. c4 Nc6 3. Nc3 g6 4. g3 Bg7 5. Bg2 d6 6. d3 Nf6 7. Nge2 O-O 8. O-O a6 9. h3 Rb8 10. Be3 b5 11. cxb5 axb5 12. d4 cxd4 13. Nxd4 Nxd4 14. Bxd4 b4 15. Nd5 Nxd5 16. exd5 Bf5 17. Bxg7 Kxg7 18. Qd4+ Kg8 19. Rfe1 Rb7 20. h4 Qa5 21. h5 Rc8 22. h6 f6 23. g4 Bc2 24.
Qe3 Rf8 25. Qe6+ Kh8 26. Rac1 b3 27. axb3 Bxb3 28. Kh2 Qd2 29. Rc8 Qxh6+ 30. Kg3 Ba4 31. Rh1 Qg7 32. Rcc1 f5 33. Rxh7+ Qxh7 34. Rh1 f4+ 35.
Kf3 Rb3+ 36. Ke4 Rb4+ 37. Kd3 Rb3+ 38. Kc4 Qxh1 39. Bxh1 Kg7 40. Be4 Rf6 41. Qxe7+ Rf7 42. Qxd6 Rf6 43. Qe7+ Rf7 44. Qe5+ Kg8 45. d6 1-0

[Event "*** Titled Tuesday Blitz"]
[Site "Chess.com"]
[Date "2020.12.29"]
[Round "9"]
[White "Denis_Palkovich"]
[Black "ChessyInstinct"]
[Result "1-0"]
[WhiteElo "2325"]
[BlackElo "2471"]
[TimeControl "180+1"]
[EndTime "11:44:58 PST"]
[Termination "Denis_Palkovich won by checkmate"]

1. d4 d5 2. Bf4 Nf6 3. e3 e6 4. Nd2 c5 5. c3 Nc6 6. Bd3 Bd6 7. Bxd6 Qxd6 8. f4 Nd7 9. Ngf3 f5 10. Ne5 Ndxe5 11. fxe5 Qe7 12. O-O Bd7 13. Qh5+ g6 14. Qh6 O-O-O 15. Nf3 Rdg8 16. Ng5 Nd8 17. Rf3 Bc6 18.
Raf1 Nf7 19. Nxf7 Qxf7 20. Rg3 Qg7 21. Qxg7 Rxg7 22. h4 h6 23. dxc5 g5 24. hxg5 hxg5 25. Rh3 Rxh3 26. gxh3 Rh7 27. Rf3 d4 28. Rg3 dxc3 29.
bxc3 Rd7 30. Bc4 Rd1+ 31. Kf2 Bd5 32. Bxd5 Rxd5 33. Rxg5 Rxe5 34. h4 Rxc5 35. h5 Rxc3 36. h6 Rc2+ 37. Kg3 Rc1 38. Rh5 Rg1+ 39. Kf4 Rg8 40.
h7 Rh8 41. Ke5 Kd7 42. Kf6 Kd6 43. Kg7 Rxh7+ 44. Rxh7 e5 45. Kf6 f4 46. exf4 exf4 47. Rxb7 f3 48. Rb3 Kc5 49. Rxf3 Kb4 50. Ke5 a5 51.
Kd5 a4 52. a3+ Kb5 53. Rf8 Ka5 54. Kc6 Ka6 55. Ra8# 1-0